 Dungeon Crawl Stone Soup version 0.27-a0-1312-g5cdb2b3542 (webtiles) character file.

Game seed: 441871467362012342

83453 freelancePsychic the Nimble (level 16, -2/108 HPs)
             Began as a Djinni Ice Elementalist on June 20, 2021.
             Was the Champion of Hepliaklqana.
             Slain by a guardian serpent (shapeshifter) (10 damage)
             ... on level 3 of the Abyss.
             The game lasted 01:10:52 (22807 turns).

freelancePsychic the Nimble (DjIE)                 Turns: 22807, Time: 01:10:53

Health: -2/108     AC: 12    Str:  3    XL:     16   Next: 24%
Gold:   1474       EV: 24    Int: 23    God:    Hepliaklqana [******] SH:  0 Dex: 21

rFire    + + .     SeeInvis +   a - +4 lajatang (freeze)
rCold    . . .     Faith    .   (shield currently unavailable)
rNeg     . . .     Spirit   .   y - +1 troll leather armour
rPois    ∞         Reflect  .   q - +2 helmet {SInv}
rElec    .         Harm     .   N - +2 cloak
rCorr    .         Rampage  .   V - +0 pair of gloves of Inquiry {Fly rC+ Str-4 Slay+5}
Will     +....                  (boots unavailable)
Stlth    ++........             U - amulet of regeneration
HPRegen  2.28/turn              G - +4 ring of evasion
MPRegen  0.00/turn              d - +6 ring of dexterity

@: about to teleport, flying, very slightly contaminated
A: reduced essence, sickness immunity, fire resistance 2, cold vulnerability 1,
float, innate caster, hp casting, extra vitality 1, no potion heal 1
a: Renounce Religion, Recall Ancestor, Ancestor Identity, Transference, Idealise


You were on level 3 of the Abyss.
You worshipped Hepliaklqana.
Hepliaklqana was exalted by your worship.
You visited 5 branches of the dungeon, and saw 20 of its levels.
You visited the Abyss 1 time.
You also visited: Volcano.

You collected 2241 gold pieces.
You spent 767 gold pieces at shops.

Inventory:

Hand Weapons
 a - a +4 lajatang of freezing (weapon)
 g - a +0 dagger of freezing
 H - a +1 demon blade of flaming
Missiles
 e - 5 throwing nets
 Q - 5 curare-tipped darts
 T - 8 boomerangs of dispersal
Armour
 q - a +2 helmet of see invisible (worn)
 y - a +1 troll leather armour (worn)
 N - a +2 cloak (worn)
 V - the +0 pair of gloves of Inquiry (worn) {Fly rC+ Str-4 Slay+5}
   (You bought it in a shop on level 2 of the Orcish Mines)

   It affects your strength (-4).
   It affects your accuracy and damage with ranged weapons and melee attacks
   (+5).
   It protects you from cold.
   It grants you flight.
Magical Staves
 b - a staff of cold
Jewellery
 d - a +6 ring of dexterity (right hand)
 h - a ring of resist corrosion
 l - a ring of wizardry
 x - a ring of fire
 C - a ring of see invisible
 E - a ring of protection from cold
 G - a +4 ring of evasion (left hand)
 L - an amulet of the acrobat
 R - a ring of positive energy
 U - an amulet of regeneration (around neck)
Wands
 m - a wand of acid (6)
 p - a wand of paralysis (7)
 s - a wand of flame (13)
 t - a wand of digging (8)
 u - a wand of iceblast (8)
 J - a wand of polymorph (29)
 M - a wand of charming (8)
Scrolls
 c - 4 scrolls of vulnerability
 r - 5 scrolls of teleportation {@r4}
 v - 2 scrolls of fear
 w - 2 scrolls of magic mapping
 D - 2 scrolls of fog
 O - 2 scrolls of identify {@r1}
Potions
 f - 2 potions of brilliance {unknown}
 i - 3 potions of flight
 j - 4 potions of curing {@q1}
 n - 2 potions of mutation {unknown}
 o - 10 potions of heal wounds {@q2}
 A - a potion of attraction {unknown}
 B - 2 potions of resistance {unknown}
 I - a potion of berserk rage {unknown}
 K - 2 potions of might {unknown}
 P - a potion of magic {unknown}
 S - a potion of cancellation


   Skills:
 - Level 13.4 Fighting
 - Level 1.0 Short Blades
 + Level 8.4 Staves
 - Level 14.3 Dodging
 - Level 1.5 Stealth
 - Level 0.5 Unarmed Combat
 * Level 13.7 Spellcasting
 - Level 3.1 Invocations


You had one spell level left.
You knew the following spells:

 Your Spells              Type           Power      Damage    Failure   Level
a - Invisibility          Hex            34%        N/A       4%          6
b - Frozen Ramparts       Ice            100%       1d12      1%          3
c - Ozocubu's Armour      Ice            68%        N/A       1%          3
d - Hailstorm             Conj/Ice       68%        3d14      1%          4
e - Metabolic Englaciati  Hex/Ice        34%        N/A       1%          5
f - Corona                Hex            75%        N/A       1%          1
g - Passwall              Tmut/Erth      56%        N/A       1%          2
h - Mephitic Cloud        Conj/Pois/Air  68%        N/A       1%          3
i - Dazzling Flash        Conj/Hex       100%       N/A       1%          3
j - Blade Hands           Tmut           34%        N/A       1%          5
k - Irradiate             Conj/Tmut      34%        3d25      1%          5
l - Freeze                Ice            100%       1d11      1%          1
Your spell library was empty.

Dungeon Overview and Level Annotations

Branches:
Dungeon (10/15)            Temple (1/1) D:7            Lair (6/6) D:8
 Shoals (0/4) Lair:4        Snake (0/4) Lair:2        Slime (0/5) Lair:5
    Orc (2/2) D:9             Elf (1/3) Orc:2       Volcano (visited)

Altars:
Ashenzari
Cheibriados
Dithmenos
Elyvilon
Fedhas
Gozag
Hepliaklqana
Kikubaaqudgha
Makhleb
Nemelex Xobeh
Okawaru
Qazlal
Ru
Sif Muna
Trog
Vehumet
Wu Jian
Xom
Yredelemnul
Zin
The Shining One
Beogh
Jiyva

Shops:
D:1 :   D:4 [   D:9 ?(*(=   Orc:1 =   Orc:2 ?[=**=

Annotations:
D:2 Natasha
D:4 Grinder
D:10 3 runed translucent doors, exclusion: oklob sapling, freelancePsychic's ghost, journeyman HuFi; lunkers's ghost, novice DEAE


Innate Abilities, Weirdness & Mutations

Your life essence is reduced to manifest your ancestor. (-10% HP)
You are immune to sickness and miasma.
You are immune to poison.
Your flesh is very heat resistant. (rF++)
You are vulnerable to cold. (rC-)
You float through the air rather than walking.
You learn spells naturally, not from books.
Your magical power is your life essence.
You have superior vitality. (+4 HP)
Potions are less effective at restoring your health.


Message History

The great orb of eyes gazes at you.
You closely miss the guardian serpent.
The fire crab changes into a guardian serpent!
The guardian serpent changes into an elephant!
The guardian serpent hits you. The great orb of eyes gazes at you.
You resist with some effort. The guardian serpent hits you.
You hit the elephant. You freeze the elephant.
The elephant is lightly wounded.
The great orb of eyes bites you but does no damage.
The crystal guardian fires a crystalline bolt at you.
The crystal bolt freezes you!!! x2
Ouch! That really hurt!
* * * LOW HITPOINT WARNING * * *
The crystal bolt freezes the crystal guardian.
The crystal guardian completely resists.
The guardian serpent completely misses you.
Casting: Invisibility (dangerous; 4% risk of failure)
Confirm with . or Enter, or press ? or * to list all spells.
You erupt in a fountain of uncontrolled magic!
The crystal guardian is blasted with magical radiation!!
The crystal guardian is heavily damaged.
The guardian serpent is blasted with magical radiation!!!
The guardian serpent is severely wounded.
The guardian serpent twists and deforms.
The elephant is blasted with magical radiation!
The elephant is moderately wounded.
The elephant twists and deforms.
The great orb of eyes is blasted with magical radiation!!
The great orb of eyes is heavily wounded.
The great orb of eyes twists and deforms.
The chaos spawn is blasted with magical radiation!!
The chaos spawn is almost dead.
The great orb of eyes is blasted with magical radiation!!!
The great orb of eyes is severely wounded.
The great orb of eyes twists and deforms.
You are very lightly contaminated with residual magic.
* * * LOW HITPOINT WARNING * * *
The guardian serpent hits you!
You die...

. . ..#. # . #
###..##.# . ... #.
.#....#..# . .
#....#.####...#(.
####..#....#.#..#
#####.#.#...#.#..#
## ##.......#....#
..# #...8G.X#..X.#
+..8S@§######..
+...YG4.# .#.#
+....S.## . .
#...§... ..
#.......#.
#####.#.#...
####.# #. . .#


You could see an elephant shaped shifter (misshapen), 2 great orbs of eyes, 2
crystal guardians, a large abomination, a guardian serpent (misshapen), a
guardian serpent shaped shifter and a chaos spawn.

Vanquished Creatures
  Saint Roka (Orc:2)
  An orc warlord (Orc:2)
  Nessos (Lair:6)
  An ettin (Orc:2)
  2 ogre magi (Orc:2)
  Harold (D:7)
  6 hydras
  A boulder beetle (Lair:4)
  3 catoblepae (Lair:6)
  A two-headed ogre (D:10)
  A centaur warrior (Volcano)
  A death yak (Lair:6)
  A hell knight (Volcano)
  Sonja (Lair:6)
  Nergalle (Orc:2)
  A lindwurm (Lair:6)
  2 deep elf zephyrmancers (Elf:1)
  An orc knight (Orc:2)
  A necromancer (Lair:4)
  3 deep elf pyromancers (Elf:1)
  An oklob plant (D:10)
  10 orc sorcerers
  9 elephants
  2 manticores (Lair:6)
  6 black mambas
  A centaur zombie (D:10)
  Joseph (Lair:1)
  15 cane toads
  4 komodo dragons
  2 rime drakes
  A polar bear (Lair:6)
  6 trolls
  3 hornets
  12 dream sheep
  22 blink frogs
  4 wyverns
  54 yaks
  5 basilisks
  A steam dragon (D:9)
  2 wargs
  Duvessa (D:6)
  19 water moccasins
  19 orc warriors
  3 black bears
  A black bear (shapeshifter) (Abyss:3)
  A boggart (Elf:1)
  3 centaurs
  10 ogres
  A phantom (D:5)
  27 wolves
  2 kobold brigands (D:9)
  11 bullfrogs
  3 scorpions
  A wyvern zombie (D:7)
  4 gnoll sergeants (D:9)
  Dowan (D:6)
  A wyvern skeleton (D:5)
  2 water moccasin skeletons (D:6)
  9 wights
  3 howler monkeys (D:9)
  2 vampire bats (D:8)
  An electric eel (Lair:5)
  2 jellies
  A centaur skeleton (D:5)
  10 orc priests
  2 hounds
  A bullfrog skeleton (D:5)
  4 iguanas
  5 hell rats
  25 orc wizards
  5 polar bear simulacra (Lair:4)
  2 yak simulacra (Lair:4)
  2 wolf simulacra (Lair:4)
  4 gnolls (D:9)
  6 river rats (Lair:2)
  14 adders
  2 shadow imps
  3 white imps
  An adder skeleton (D:4)
  3 worms
  A dart slug (D:1)
  61 orcs
  16 ball pythons
  3 bat skeletons (D:8)
  A bat zombie (D:8)
  8 endoplasms
  A giant cockroach (D:2)
  7 goblins
  8 hobgoblins
  5 jackals
  5 kobolds
  3 quokkas
  2 bats
  5 frilled lizards
  10 rats
  2 river rat simulacra (Lair:4)
547 creatures vanquished.

Vanquished Creatures (collateral kills)
  3 hydras
  2 death yaks (Lair:6)
  A wizard (Elf:1)
  An orc knight (Orc:2)
  2 orc sorcerers (Orc:2)
  4 elephants
  3 black mambas
  A rime drake (Lair:3)
  7 cane toads
  4 trolls
  A polar bear (Lair:3)
  3 blink frogs
  3 dream sheep
  9 yaks
  A basilisk (Lair:5)
  4 wargs
  6 water moccasins
  6 orc warriors
  2 wolves
  4 ogres
  3 centaurs (Volcano)
  5 bullfrogs
  An orc priest (Orc:2)
  A hell rat (Lair:2)
  11 orc wizards
  10 orcs
98 creatures vanquished.

Vanquished Creatures (others)
  A troll (Orc:2)
  4 knights
  An orc priest (Orc:2)
  3 ancestors (D:10)
  A white imp (Abyss:3)
  An orc (Orc:1)
  47 fungi
  77 plants
  3 toadstools (D:6)
138 creatures vanquished.

Grand Total: 783 creatures vanquished

Notes
Turn   | Place    | Note
-------+----------+-------------------------------------------
     0 | D:1      | freelancePsychic the Djinni Ice Elementalist began the
                  | quest for the Orb.
     0 | D:1      | Reached XP level 1. HP: 15/15 MP: 0/0
   310 | D:1      | Reached XP level 2. HP: 19/22 MP: 0/0
   519 | D:1      | Reached skill level 1 in Fighting
   571 | D:1      | Found Udghonosm's Book Shop.
   922 | D:1      | Reached XP level 3. HP: 25/27 MP: 0/0
   922 | D:1      | Learned a level 1 spell: Corona
  1742 | D:2      | Noticed Natasha
  1789 | D:2      | Reached XP level 4. HP: 32/32 MP: 0/0
  3022 | D:3      | Reached XP level 5. HP: 33/39 MP: 0/0
  3022 | D:3      | Learned a level 2 spell: Passwall
  3341 | D:3      | Reached XP level 6. HP: 45/45 MP: 0/0
  3804 | D:3      | Found a faded altar of an unknown god.
  4011 | D:4      | Found a shimmering altar of Xom.
  4077 | D:4      | Noticed a water moccasin
  4086 | D:4      | Killed a water moccasin
  4087 | D:4      | Reached skill level 5 in Spellcasting
  4170 | D:4      | Reached XP level 7. HP: 36/50 MP: 0/0
  4170 | D:4      | Learned a level 3 spell: Mephitic Cloud
  4306 | D:4      | Found Ucoemagoy's Armour Boutique.
  4461 | D:4      | Found a basalt altar of Yredelemnul.
  4488 | D:4      | Found a shadowy altar of Dithmenos.
  4531 | D:4      | Found a snail-covered altar of Cheibriados.
  4552 | D:4      | Found an ornate altar of the Wu Jian Council.
  5300 | D:4      | Noticed Grinder
  5446 | D:5      | Entered Level 5 of the Dungeon
  6431 | D:5      | Reached XP level 8. HP: 36/58 MP: 0/0
  7097 | D:5      | Reached skill level 1 in Short Blades
  8359 | D:6      | Noticed a hornet
  8366 | D:6      | Killed a hornet
  8367 | D:6      | Reached skill level 1 in Staves
  8445 | D:6      | Noticed a yak
  8445 | D:6      | Noticed a yak
  8445 | D:6      | Noticed a yak
  8445 | D:6      | Noticed a yak
  8455 | D:6      | Killed a yak
  8455 | D:6      | Noticed a yak
  8455 | D:6      | Noticed a yak
  8456 | D:6      | Reached XP level 9. HP: 49/63 MP: 0/0
  8456 | D:6      | Learned a level 3 spell: Dazzling Flash
  9120 | D:6      | Noticed a troll
  9126 | D:6      | Killed a troll
  9127 | D:6      | Reached skill level 5 in Staves
  9259 | D:6      | Noticed Duvessa
  9260 | D:6      | Noticed Dowan
  9267 | D:6      | Killed Duvessa
  9268 | D:6      | Reached skill level 3 in Dodging
  9274 | D:6      | Killed Dowan
 10079 | D:7      | Reached XP level 10. HP: 57/69 MP: 0/0
 10142 | D:7      | Found a glowing golden altar of the Shining One.
 10196 | D:7      | Found a staircase to the Ecumenical Temple.
 10196 | D:7      | Found a white marble altar of Elyvilon.
 10208 | Temple   | Entered the Ecumenical Temple
 10326 | D:7      | Noticed Harold
 10342 | D:7      | Killed Harold
 10343 | D:7      | Reached skill level 5 in Dodging
 11054 | D:7      | Found a glowing silver altar of Zin.
 11189 | D:7      | Found an iron altar of Okawaru.
 11451 | D:7      | Found a faded altar of an unknown god.
 11451 | D:7      | Found a faded altar of an unknown god.
 11452 | D:7      | Found a faded altar of an unknown god.
 11454 | D:7      | Found a hazy altar of Hepliaklqana.
 11465 | D:7      | Became a worshipper of Hepliaklqana the Forgotten
 11932 | D:8      | Reached skill level 6 in Dodging
 12011 | D:8      | Found a staircase to the Lair.
 12179 | D:8      | You are sucked into a shaft and drop 1 floor!
 12255 | D:9      | Found Xaateddemm's Weapon Shop.
 12259 | D:9      | Found Xasauneo's Jewellery Shop.
 12475 | D:9      | Reached skill level 7 in Dodging
 12475 | D:9      | Reached XP level 11. HP: 22/74 MP: 0/0
 12475 | D:9      | Learned a level 5 spell: Blade Hands
 12715 | D:9      | Found Lyrgheown's Antique Weapon Emporium.
 12715 | D:9      | Reached * piety under Hepliaklqana
 12737 | D:9      | Found Iqeunk's Magic Scroll Shoppe.
 12939 | D:9      | Found a staircase to the Orcish Mines.
 12945 | D:9      | Reached skill level 5 in Fighting
 13175 | D:9      | Reached skill level 8 in Dodging
 13283 | D:9      | Found Wikial's General Store.
 13320 | D:10     | Entered Level 10 of the Dungeon
 13815 | D:10     | Reached ** piety under Hepliaklqana
 13816 | D:10     | Remembered your ancestor Gwenneth as a knight
 13952 | D:10     | Noticed an oklob plant
 13959 | D:10     | Killed an oklob plant
 14201 | D:10     | Reached skill level 9 in Dodging
 14267 | D:10     | Found a runed translucent gate.
 14304 | D:10     | Noticed a two-headed ogre
 14313 | D:10     | Killed a two-headed ogre
 14314 | D:10     | Reached XP level 12. HP: 47/76 MP: 0/0
 14349 | D:10     | Found a runed translucent gate.
 14350 | D:10     | Found a runed translucent gate.
 14351 | D:10     | Noticed freelancePsychic's ghost (journeyman HuFi)
 14352 | D:10     | Noticed lunkers's ghost (novice DEAE)
 14528 | Lair:1   | Entered Level 1 of the Lair of Beasts
 14675 | Lair:1   | Reached skill level 10 in Spellcasting
 14677 | Lair:1   | Noticed Joseph
 14696 | Lair:1   | Killed Joseph
 14751 | Lair:1   | Noticed a four-headed hydra
 14758 | Lair:1   | Killed a four-headed hydra
 14797 | Lair:1   | Reached skill level 10 in Dodging
 14979 | Lair:1   | Reached *** piety under Hepliaklqana
 15285 | Lair:1   | Reached skill level 1 in Invocations
 15409 | Lair:2   | Found a staircase to the Snake Pit.
 15938 | Lair:2   | Reached XP level 13. HP: 74/84 MP: 0/0
 15938 | Lair:2   | Learned a level 5 spell: Irradiate
 15943 | Lair:2   | Noticed a six-headed hydra
 15950 | Lair:2   | Killed a six-headed hydra
 16016 | Lair:2   | Noticed an eight-headed hydra
 16023 | Lair:2   | Killed an eight-headed hydra
 16060 | Lair:2   | Identified the +0 leather armour of a treasure trove {Drain
                  | rElec rC++ rN+}
 16423 | Lair:3   | Reached skill level 11 in Dodging
 16467 | Lair:3   | Reached **** piety under Hepliaklqana
 16491 | Lair:3   | Reached skill level 10 in Fighting
 16870 | Lair:3   | Noticed a seven-headed hydra
 16878 | Lair:3   | Killed a seven-headed hydra
 17586 | Lair:4   | Reached skill level 12 in Dodging
 17616 | Lair:4   | Found a staircase to the Shoals.
 17616 | Lair:4   | Noticed a boulder beetle
 17635 | Lair:4   | Killed a boulder beetle
 17683 | Lair:4   | Reached XP level 14. HP: 88/92 MP: 0/0
 18202 | Lair:4   | Reached ***** piety under Hepliaklqana
 19045 | Lair:5   | Reached skill level 13 in Dodging
 19180 | Lair:5   | Found a staircase to the Slime Pits.
 19306 | Lair:5   | Found a viscous altar of Jiyva.
 19642 | Lair:6   | Entered Level 6 of the Lair of Beasts
 19646 | Lair:6   | Noticed Nessos
 19669 | Lair:6   | Killed Nessos
 19732 | Lair:6   | Found a dark tunnel.
 19744 | Volcano  | Entered a volcano
 19920 | Volcano  | Identified the +1 leather armour "Suaph" {rC+}
 19996 | Lair:6   | Reached XP level 15. HP: 75/101 MP: 0/0
 19996 | Lair:6   | Learned a level 6 spell: Invisibility
 20196 | Lair:6   | Noticed Sonja
 20201 | Lair:6   | Killed Sonja
 20549 | Lair:6   | Reached skill level 14 in Dodging
 21031 | Orc:1    | Entered Level 1 of the Orcish Mines
 21160 | Orc:1    | Found Ynkyl's Jewellery Shop.
 21196 | Orc:1    | Bought an amulet of regeneration for 360 gold pieces
 21377 | Orc:2    | Entered Level 2 of the Orcish Mines
 21420 | Orc:2    | Found Womien's Specific Store.
 21434 | Orc:2    | Found Sixeg's General Store.
 21439 | Orc:2    | Bought a scroll of enchant armour for 75 gold pieces
 21601 | Orc:2    | Noticed an orc warlord
 21608 | Orc:2    | Noticed Saint Roka
 21642 | Orc:2    | Killed an orc warlord
 21644 | Orc:2    | Gained mutation: Potions are less effective at restoring
                  | your health. [a neqoxec]
 21942 | Orc:2    | Killed Saint Roka
 21990 | Orc:2    | Reached XP level 16. HP: 106/108 MP: 0/0
 22001 | Orc:2    | Found Coepoeda's Antique Armour Shoppe.
 22051 | Orc:2    | Reached ****** piety under Hepliaklqana
 22077 | Orc:2    | Noticed Nergalle
 22082 | Orc:2    | Found Jeig's Jewellery Shoppe.
 22088 | Orc:2    | Killed Nergalle
 22113 | Orc:2    | Found Fibuar's Jewellery Emporium.
 22236 | Orc:2    | Found Jibar's Magic Scroll Emporium.
 22424 | Orc:2    | Found a staircase to the Elven Halls.
 22531 | Orc:2    | Bought a pair of warped gloves for 332 gold pieces
 22531 | Orc:2    | Identified the +0 pair of gloves of Inquiry {Fly rC+ Str-4
                  | Slay+5} (You bought it in a shop on level 2 of the Orcish
                  | Mines)
 22634 | Elf:1    | Entered Level 1 of the Elven Halls
 22709 | Elf:1    | Noticed a deep elf sorcerer
 22712 | Elf:1    | Cast into level 3 of the Abyss (a deep elf sorcerer)
 22715 | Abyss:3  | Identified Fisyij's Volume of the Vitriolic Escort
 22807 | Abyss:3  | Slain by a guardian serpent (shapeshifter)

Illustrated notes

Levels and vault maps discovered:
D:1:      sevenhm_arrival_forest_fort_small_4, layout_basic, serial_shops,
          nicolae_shop_crystal
D:2:      layout_basic, grunt_ministairs_1, chequers_garden, uniq_natasha
D:3:      layout_loops_corners, hellmonk_ecumenical_altar_inner_sanctum
D:4:      layout_layer_cave, lemuel_tele_altar,
          nicolae_overflow_quartered_altars, serial_shops, shop, uniq_grinder
D:5:      minmay_diamond_boxcup, layout_loops_ring
D:6:      layout_loops_ring, minmay_gold_behind_fungi, uniq_duvessa
D:7:      layout_loops_ring, nicolae_overflow_hidden_temple,
          nicolae_hepliaklqana_ecumenical_no_more, pf_just_have_faith,
          overflow_temple_1_default, minmay_temple_entry_drinking_statues,
          uniq_harold
D:8:      layout_cave_pods, kennysheep_vampire_church, lemuel_crystal_altar,
          grunt_lair_entry_orc_guard_hut, serial_shops, shop,
          nicolae_inconvenience_store, amcnicky_mini_rare_corridor_liquid,
          uniq_maurice
D:9:      layout_rooms, kennysheep_orc_monster_closet_entryway, serial_shops,
          nicolae_stop_n_shop_1, shop, nicolae_lakefront_shop,
          nicolae_shop_behind_doors, shop_fountains
D:10:     layout_irregular_city, gammafunk_ghost_cemetery,
          introduction_to_nature_1
Temple:   dpeg_three_leaves_temple
Lair:1:   layout_long_grid, lemuel_fruit_tree, uniq_joseph
Lair:2:   layout_cave_pods, minmay_snake_entry_six_corridors, kennysheep_rathole
Lair:3:   layout_hall_layers
Lair:4:   layout_regular_city, shoals_dummy_entry, eino_house_with_fridge
Lair:5:   layout_layer_cave, slime_altar_1, minivault_27,
          minmay_shattered_shrine, grunt_megastairs_2, serial_bayou_shore_a
Lair:6:   evilmike_catoblepas_cave, layout_long_grid,
          nicolae_volcano_entry_vermiform, uniq_sonja, uniq_nessos
Orc:1:    layout_caves, serial_shops, nicolae_diamond_shop
Orc:2:    kennysheep_orc_mage_school, layout_diamond_mine,
          nicolae_specific_store, uniq_saint_roka
Elf:1:    layout_geoelf_octagon, hangedman_elf_disciples, uniq_frances
Abyss:3:  base: Temple, evilmike_abyss_exit_9,
          hangedman_grunt_abyss_rune_horror_hoard, lemuel_flamethrower_3

Skill      XL: |  1  2  3  4  5  6  7  8  9 10 11 12 13 14 15 16 |
---------------+-------------------------------------------------+-----
Fighting       | 1 2 3 4 7 9 10 12 13 | 13.4
Spellcasting   | 4 5 6 7 8 9 10 11 12 13 | 13.7
Short Blades   | 1 |  1.0
Staves         | 2 5 7 8 |  8.4
Dodging        | 3 7 9 10 12 13 14 | 14.3
Invocations    | 3 |  3.1
Stealth        | |  1.5
Unarmed Combat | |  0.5

Action                   |  1- 3 |  4- 6 |  7- 9 | 10-12 | 13-15 | 16-18 || total
-------------------------+-------+-------+-------+-------+-------+-------++-------
Melee: Unarmed           |     2 |       |       |     7 |       |       ||     9
       Dagger            |       |    31 |    83 |       |       |       ||   114
       Lajatang          |       |       |    93 |   166 |   177 |    67 ||   503
       Staff             |       |       |       |       |    35 |       ||    35
 Cast: Freeze            |    50 |    61 |    12 |       |       |       ||   123
       Frozen Ramparts   |       |     1 |    14 |    19 |    22 |     1 ||    57
       Ozocubu's Armour  |       |     1 |    13 |    22 |    20 |     1 ||    57
       Mephitic Cloud    |       |       |    10 |       |     1 |       ||    11
       Passwall          |       |       |     4 |     1 |       |       ||     5
       Hailstorm         |       |       |     7 |   142 |   221 |    14 ||   384
       Metabolic Englaci |       |       |     1 |       |     2 |       ||     3
       Blade Hands       |       |       |       |     1 |       |       ||     1
       Irradiate         |       |       |       |       |    34 |     1 ||    35
       Dazzling Flash    |       |       |       |       |     1 |       ||     1
       Invisibility      |       |       |       |       |     6 |     2 ||     8
Invok: Ancestor Life: Kn |       |       |       |     1 |       |       ||     1
       Ancestor Identity |       |       |       |     1 |       |       ||     1
       Recall Ancestor   |       |       |       |     1 |     1 |       ||     2
Evoke: Wand              |       |       |       |       |     1 |       ||     1
  Use: Scroll            |       |     6 |     4 |    10 |     6 |     1 ||    27
       Potion            |       |       |       |     1 |     1 |       ||     2
 Stab: Sleeping          |       |     3 |     3 |     2 |       |     1 ||     9
       Confused          |       |       |     5 |       |       |       ||     5
       Distracted        |       |       |       |     1 |     3 |     2 ||     6
       Invisible         |       |       |       |       |    10 |     2 ||    12
Armor: Robe              |     3 |     3 |    32 |    28 |       |       ||    66
       Troll leather arm |       |       |       |    18 |    58 |    17 ||    93
       Steam dragon scal |       |       |       |     3 |       |       ||     3
Dodge: Dodged            |    20 |    63 |   166 |   209 |   372 |    63 ||   893

Table legend: (Time is in decaauts)
 A = Elapsed time spent in this place.
 B = Non-inter-level travel time spent in this place.
 C = Inter-level travel time spent in this place.
 D = Time resting spent in this place.
 E = Time spent auto-exploring this place.
 F = Levels seen in this place.
 G = Mean time per level.
                   A        B        C        D        E       F      G
               +--------+--------+--------+--------+--------+-----+--------+
         Total |  22847 |  21814 |   1033 |   1990 |  16321 |  22 | 1038.5 |
       Dungeon |  14253 |  13725 |    528 |   1740 |  10197 |  10 | 1425.3 |
        Temple |    353 |    353 |      0 |    241 |     78 |   1 |  353.0 |
          Lair |   6279 |   5965 |    314 |      9 |   4861 |   6 | 1046.5 |
  Orcish Mines |   1605 |   1415 |    190 |      0 |    945 |   2 |  802.5 |
   Elven Halls |     77 |     77 |      0 |      0 |     49 |   1 |   77.0 |
         Abyss |     94 |     94 |      0 |      0 |     76 |   1 |   94.0 |
       Volcano |    182 |    182 |      0 |      0 |    115 |   1 |  182.0 |
               +--------+--------+--------+--------+--------+-----+--------+

Top non-repeatable levels by time:
     D:4: 2731 daAuts
     D:5: 1952 daAuts
     D:2: 1557 daAuts
     D:6: 1534 daAuts
     D:1: 1308 daAuts
  Lair:5: 1307 daAuts
    D:10: 1178 daAuts
     D:9: 1174 daAuts
   Orc:2: 1135 daAuts
     D:3: 1122 daAuts
  Lair:2: 1114 daAuts
     D:7: 1112 daAuts
  Lair:6: 1081 daAuts
  Lair:4: 1000 daAuts
  Lair:3: 972 daAuts
